 Dungeon Crawl Stone Soup version 0.25-a0-701-gb30f108f01 (webtiles) character file.

Game seed: 6863317080211427517, levelgen mode: deterministic

67 kae the Ruffian (level 3, -6/25 HPs)
             Began as a Draconian Transmuter on Apr 3, 2020.
             Was an Initiate of Hepliaklqana.
             Killed from afar by a white imp (12 damage)
             ... with a puff of frost
             ... summoned by Natasha
             ... on level 2 of the Dungeon.
             The game lasted 00:01:18 (1568 turns).

kae the Ruffian (Draconian Transmuter)              Turns: 1568, Time: 00:01:18

Health: -6/25      AC:  5    Str: 12    XL:     3   Next: 98%
Magic:  1/6        EV: 12    Int: 14    God:    Hepliaklqana [......]
Gold:   92         SH:  0    Dex: 11    Spells: 1/7 levels left

rFire    . . .     SeeInvis .     - Unarmed
rCold    . . .     Gourm    .   (no shield)
rNeg     . . .     Faith    .   (armour unavailable)
rPois    .         Spirit   .   (helmet restricted)
rElec    .         Reflect  .   (no cloak)
rCorr    .         Harm     .   (no gloves)
MR       .....                  (boots currently unavailable)
Stlth    +.........             (no amulet)
HPRegen  0.08/turn              (no ring)
MPRegen  0.10/turn              (no ring)

@: appendage (expiring), very slightly contaminated
A: unfitting armour, reduced essence, talons 3, cold-blooded, AC +5
a: End Transformation, Recall Ancestor, Ancestor Identity, Renounce Religion


You were on level 2 of the Dungeon.
You worshipped Hepliaklqana.
Hepliaklqana was noncommittal.
You were hungry.
You had grown temporary talons.
You visited 1 branch of the dungeon, and saw 2 of its levels.

You collected 92 gold pieces.

Inventory:

Missiles
 a - 33 arrows
Scrolls
 b - 3 scrolls of identify {unknown}
 e - a scroll of random uselessness {unknown}
 f - a scroll of remove curse {unknown}
Potions
 d - a potion of curing
 g - a potion of resistance {unknown}
Comestibles
 c - 2 rations


   Skills:
 - Level 1.1 Fighting
 - Level 1.7 Dodging
 * Level 4.1 Unarmed Combat
 + Level 2.5 Spellcasting
 + Level 2.7 Transmutations


You had one spell level left.
You knew the following spells:

 Your Spells              Type           Power        Failure   Level  Hunger
a - Beastly Appendage     Tmut           #.....       8%          1    #......
b - Sticks to Snakes      Tmut           #.......     11%         2    ###....
c - Spider Form           Tmut/Pois      #.........   36%         3    ###....

Your spell library contained the following spells:

 Spells                   Type           Power        Failure   Level  Hunger
 Ice Form                 Ice/Tmut       #.......     77%         4    #####..
 Blade Hands              Tmut           #.........   90%         5    ######.


Dungeon Overview and Level Annotations

Branches:
Dungeon (2/15)

Altars:
Hepliaklqana

Annotations:
D:2 Natasha


Innate Abilities, Weirdness & Mutations

Your plain brown scales are hard. (AC +5)
You cannot fit into any form of body armour.
You are cold-blooded and may be slowed by cold attacks.
Your life essence is reduced to manifest your ancestor. (-10% HP)
You have claws for feet.


Message History

You don't have enough magic to cast that spell.
Casting: Spider Form (slightly dangerous; 36% risk of failure)
Confirm with . or Enter, or press ? or * to list all spells.
You create a snake!
You now have 33 arrows.
The white imp hits you but does no damage.
Nefertari closely misses the white imp.
Natasha barely misses Nefertari.
The white imp hits you but does no damage.
Your adder misses Natasha.
Natasha claws Nefertari.
Nefertari hits Natasha.
You swap places.
Your transformation is almost over.
The white imp hits you. The white imp freezes you.
* * * LOW HITPOINT WARNING * * *
Your adder bites Natasha.
Natasha closely misses you.
You barely miss Natasha. You claw Natasha, but do no damage.
Your tail-slap misses Natasha.
You punch Natasha.
Natasha is almost dead.
Your adder closely misses Natasha.
The white imp gestures at you. The puff of frost hits you!
You die...

##..#.# #. .... #.>#.#
#. ..... ######'###.
..... #.......# .
...... #####.......##
...... #.(.....)....#
......####............#
......SR..............#
......h@...###........#
.......5...#.........##
###........#.........#
##########.........#
#...####<## #...# ###
#...# #.


You could see the friendly Nefertari the ancestor, Natasha, a white imp and a
friendly adder.

Vanquished Creatures
  2 adders (D:2)
  An ooze (D:1)
  2 dart slugs (D:2)
  2 leopard geckos (D:1)
  2 ball pythons (D:2)
  A giant cockroach (D:1)
  2 goblins
  4 hobgoblins
  3 jackals (D:1)
  6 kobolds
  A quokka (D:2)
  A bat (D:1)
  4 frilled lizards
  A leopard gecko zombie (D:2)
  5 rats
37 creatures vanquished.

Vanquished Creatures (collateral kills)
  A dart slug (D:2)
1 creature vanquished.

Grand Total: 38 creatures vanquished

Notes
Turn   | Place    | Note
-------+----------+-------------------------------------------
     0 | D:1      | kae the Draconian Transmuter began the quest for the Orb.
     0 | D:1      | Reached XP level 1. HP: 16/16 MP: 3/3
   114 | D:1      | Reached XP level 2. HP: 19/23 MP: 5/5
   423 | D:1      | Learned a level 2 spell: Sticks to Snakes
  1132 | D:1      | Reached XP level 3. HP: 27/28 MP: 4/6
  1182 | D:2      | Learned a level 3 spell: Spider Form
  1366 | D:2      | Found a hazy altar of Hepliaklqana.
  1414 | D:2      | Became a worshipper of Hepliaklqana the Forgotten
  1491 | D:2      | Reached skill level 4 in Unarmed Combat
  1556 | D:2      | Noticed Natasha
  1568 | D:2      | Killed from afar by a white imp

Levels and vault maps discovered:
D:1:      psy_arrival_basics, layout_basic
D:2:      layout_basic, lemuel_round_altar, uniq_natasha

Skill      XL: |  1  2  3 |
---------------+----------+-----
Unarmed Combat | 4 |  4.1
Fighting       | |  1.1
Dodging        | |  1.7
Spellcasting   | |  2.5
Transmutations | |  2.7

Action                   || total
-------------------------++-------
Melee: Unarmed           ||   134
       Headbutt          ||     9
       Tailslap          ||     8
       Kick              ||     9
       Punch             ||     4
 Cast: Beastly Appendage ||    19
       Spider Form       ||     1
       Sticks to Snakes  ||     1
  Use: Potion            ||     1
  Eat: Chunk             ||     2
Armor: Skin              ||    56
Dodge: Dodged            ||    76

Table legend:
 A = Non-vault XP
 B = Vault XP
 C = Vault XP percentage of total XP
 D = Non-vault monster count
 E = Vault monster count
 F = Vault count percentage of total count
                 A         B        C        D         E       F
            +---------+---------+-------+---------+---------+-------
      Total |      96 |       0 |   0.0 |      38 |       0 |   0.0
            +---------+---------+-------+---------+---------+-------
        D:1 |      41 |       0 |   0.0 |      22 |       0 |   0.0
        D:2 |      55 |       0 |   0.0 |      16 |       0 |   0.0
            +---------+---------+-------+---------+---------+-------
